 Dungeon Crawl Stone Soup version 0.23.1-41-g7e51ed32d8 (webtiles) character file.

Game seed: 3346016898563598305

102 PentaManta the Skirmisher (level 4, 0/33 HPs)
             Began as an Octopode Fighter on Mar 30, 2019.
             Slain by an orc wizard
             ... wielding a +0 dagger
              (1 damage)
             ... on level 3 of the Dungeon.
             The game lasted 00:02:52 (2234 turns).

PentaManta the Skirmisher (Octopode Fighter)        Turns: 2234, Time: 00:02:53

Health: 0/33       AC:  1    Str: 15    XL:     4   Next: 77%
Magic:  4/4        EV: 14    Int: 10    God:
Gold:   138        SH:  4    Dex: 12    Spells: 3/3 levels left

rFire    . . .     SeeInvis .   a - +0 long sword
rCold    . . .     Gourm    .   j - +0 buckler (curse)
rNeg     . . .     Faith    .   (helmet restricted)
rPois    .         Spirit   .   (no amulet)
rElec    .         Reflect  .   (no ring)
rCorr    .         Harm     .   (no ring)
MR       .....                  (no ring)
Stlth    ++........             (no ring)
HPRegen  0.11/turn              (no ring)
MPRegen  0.09/turn              (no ring)
                                (no ring)
                                (no ring)

@: lethally poisoned (0 -> -1)
A: almost no armour, stealthy swim, amphibious, 8 rings, constrict 8, camouflage
1, gelatinous body 1
a: no special abilities


You were on level 3 of the Dungeon.
You were not hungry.

You visited 1 branch of the dungeon, and saw 3 of its levels.

You collected 138 gold pieces.

Inventory:

Hand Weapons
 a - a +0 long sword (weapon)
Armour
 b - a +0 shield
 j - a cursed +0 buckler (worn)
Scrolls
 e - 2 scrolls of enchant weapon {unknown}
 f - 6 scrolls of identify {unknown}
 g - 4 scrolls of amnesia {unknown}
 i - 3 scrolls of teleportation {unknown}
 k - a scroll of remove curse {unknown}
Potions
 c - a potion of might
 h - a potion of heal wounds {unknown}
Comestibles
 d - 4 rations


   Skills:
 - Level 4.0 Fighting
 - Level 3.3 Long Blades
 - Level 3.0 Dodging
 + Level 3.6 Shields


You had 3 spell levels left.
You didn't know any spells.
Your spell library was empty.

Dungeon Overview and Level Annotations

Branches:
Dungeon (3/15)

Altars:


Innate Abilities, Weirdness & Mutations

You cannot wear most types of armour.
You are very stealthy in the water. (Stealth+)
You are amphibious.
You can wear up to eight rings at the same time.
You can use your tentacles to constrict eight enemies at once.
Your skin changes colour to match your surroundings (Stealth+).
Your rubbery body absorbs attacks. (AC +1, EV +1)


Message History

You feel sick. The orc hits you with a +0 flail!
The orc wizard gestures wildly while chanting.
The orc wizard flickers and vanishes!
Deactivating autopickup; reactivate with Ctrl-A.
You slash the orc!
You kill the orc!
No target in view!
No target in view!
You feel sick.
You see here a poisoned needle.
You feel sick.
A magic dart appears from out of thin air!
The magic dart hits you!
* * * LOW HITPOINT WARNING * * *
A magic dart appears from out of thin air!
The magic dart hits you!
* * * LOW HITPOINT WARNING * * *
* * * LOW HITPOINT WARNING * * *
You feel sick. Something hits you.
You die...

### ########### #..
..........# #.#
..........# #.#
..........# #.#
......)...#############
#.#
........).(@..........#
#..
#########......†......#
### #.............# #
#.....>.).....###
#...............####
#...####†...........
#...# #........÷...
#...# #............
..... .'............


There were no monsters in sight!

Vanquished Creatures
  3 adders
  2 worms (D:2)
  5 dart slugs
  A leopard gecko (D:1)
  3 orcs (D:3)
  6 bats
  A giant cockroach (D:1)
  3 goblins
  6 hobgoblins
  6 jackals
  2 ball pythons (D:1)
  6 frilled lizards
  4 kobolds
  9 rats
57 creatures vanquished.

Notes
Turn   | Place    | Note
-------+----------+-------------------------------------------
     0 | D:1      | PentaManta the Octopode Fighter began the quest for the
                  | Orb.
     0 | D:1      | Reached XP level 1. HP: 16/16 MP: 1/1
   162 | D:1      | Reached XP level 2. HP: 20/21 MP: 2/2
  1030 | D:2      | Reached XP level 3. HP: 26/26 MP: 3/3
  1634 | D:2      | Reached skill level 4 in Fighting
  1634 | D:2      | Reached XP level 4. HP: 33/33 MP: 4/4
  2234 | D:3      | HP: 1/33 [poisoned by a kobold]
  2234 | D:3      | Slain by an orc wizard

Skill      XL: |  1  2  3 |
---------------+----------+-----
Long Blades    | 3 |  3.3
Fighting       | 4 |  4.0
Dodging        | |  3.0
Shields        | |  3.6

Action                   |  1- 3 |  4- 6 || total
-------------------------+-------+-------++-------
Melee: Long sword        |    66 |    30 ||    96
       Constrict         |    21 |    12 ||    33
       Tentacles         |    13 |     9 ||    22
 Stab: Sleeping          |     6 |     4 ||    10
  Eat: Chunk             |     2 |     2 ||     4
Armor: Skin              |     7 |       ||     7
Dodge: Dodged            |    31 |    16 ||    47
Block: Shield            |    25 |       ||    25
       Buckler           |       |     2 ||     2
       Rpst.: Long sword |    11 |     2 ||    13
